 Dungeon Crawl Stone Soup version 0.30-a0-779-g7971cf19c3 (webtiles) character file.

Game seed: 10092047777349098624

1 meleth the Conjurer (level 1, 0/10 HPs)
             Began as a Deep Elf Conjurer on Feb 18, 2023.
             Was a Follower of Cheibriados.
             Constricted to death by a ball python (1 damage)
             ... on level 2 of the Dungeon.
             The game lasted 00:07:22 (94 turns).

meleth the Conjurer (Deep Elf Conjurer)               Turns: 94, Time: 00:07:23

Health: 0/10       AC:  2    Str:  6    XL:     1   Next: 16%
Magic:  6/6        EV:  9    Int: 24    God:    Cheibriados [*.....]
Gold:   26         SH:  0    Dex: 15    Spells: 5/6 levels left

rFire   . . .      SeeInvis .    e - +0 dagger
rCold   . . .      Faith    .    (no shield)
rNeg    . . .      Spirit   .    a - +0 robe
rPois   .          Reflect  .    (no helmet)
rElec   .          Harm     .    (no cloak)
rCorr   .          Rampage  .    (no gloves)
Will    .....                    (no boots)
Stlth   ++                       (no amulet)
HPRegen 0.21/turn                (no ring)
MPRegen 0.10/turn                (no ring)

@: constricted, very slow
A: no striking features
a: Renounce Religion, Bend Time


You were on level 2 of the Dungeon.
You worshipped Cheibriados.
Cheibriados was aware of your devotion.
You visited 1 branch of the dungeon, and saw 2 of its levels.

You collected 26 gold pieces.

Inventory:

Hand Weapons
 c - a +0 club
 e - a +0 dagger (weapon)
 f - a +0 dagger
 i - a +0 whip
Missiles
 g - 5 stones
Armour
 a - a +0 robe (worn)
 h - a +0 leather armour
Scrolls
 d - a scroll of identify {unknown}
Potions
 b - a potion of magic


   Skills:
 + Level 2.4 Dodging
 + Level 2.4 Stealth
 + Level 3.0 Spellcasting
 + Level 4.4 Conjurations


You had 5 spell levels left.
You knew the following spells:

 Your Spells              Type           Power      Damage    Failure   Level
a - Magic Dart            Conj           100%       1d8       1%          1

Your spell library contained the following spells:

 Spells                   Type           Power      Damage    Failure   Level
 Searing Ray              Conj           50%        2d6       2%          2
 Dazzling Flash           Conj/Hex       28%        N/A       13%         3
 Fulminant Prism          Conj/Hex       7%         3d7       41%         4
 Iskenderun's Mystic Bla  Conj/Tloc      14%        2d5       41%         4


Dungeon Overview and Level Annotations

Branches:
Dungeon (2/15)

Altars:
Cheibriados


Message History

The quokka bites you.
You see here a +0 whip.
i - a +0 whip The quokka barely misses you.
There are no items here.
There are no items here.
You closely miss the quokka. The quokka barely misses you.
You hit the quokka but do no damage.
The ball python hisses angrily.
The quokka misses you. The quokka closely misses you.
You hit the quokka.
The quokka is moderately wounded.
The goblin shouts!
The quokka barely misses you.
You hit the quokka.
The quokka is almost dead.
The quokka misses you.
You closely miss the quokka.
The quokka is almost dead.
The quokka barely misses you.
You miss the quokka.
The quokka is almost dead.
The quokka bites you but does no damage.
The goblin barely misses you.
You closely miss the quokka.
The quokka is almost dead.
The quokka bites you. The goblin closely misses you.
The quokka bites you but does no damage.
You barely miss the frilled lizard. The ball python misses you.
The ball python barely misses you. The frilled lizard barely misses you.
The goblin closely misses you. The quokka closely misses you.
The ball python bites you. The ball python misses you.
You miss the frilled lizard. The goblin hits you with a +0 dagger.
The frilled lizard completely misses you.
The quokka bites you.
* * * LOW HITPOINT WARNING * * *
The ball python bites you.
* * * LOW HITPOINT WARNING * * *
The ball python grabs you. The ball python constricts you.
You die...

#.###.##.#
#.....##.#
#.....##.#
#.....##.# ###
#.....##.# #...
#.....##.. .....
#.....#
......#l.#.##...
.......r@S......
.......g##......
......### .$.##.
.....# #...
..... #... ....
... .... . ...


You could see a quokka, a goblin, a ball python and a frilled lizard.

Vanquished Creatures
  A goblin (D:2)
1 creature vanquished.

Notes
Turn   | Place    | Note
-------+----------+-------------------------------------------
     0 | D:1      | meleth the Deep Elf Conjurer began the quest for the Orb.
     0 | D:1      | Reached XP level 1. HP: 10/10 MP: 6/6
     6 | D:2      | Found a faded altar of an unknown god.
    52 | D:2      | Prayed at the altar of an unknown god.
    52 | D:2      | Became a worshipper of Cheibriados the Contemplative
    52 | D:2      | Reached * piety under Cheibriados
    94 | D:2      | Constricted to death by a ball python

Illustrated notes

Levels and vault maps discovered:
D:1:      dpeg_arrival_tiny_k, layout_basic, minivault_19, interstate_on_off,
          hex_intersection, fountainhead
D:2:      layout_rooms, ebering_ecumenical_altar_sacrificial, basic_altar

Action                     || total
---------------------------++-------
  Melee: Dagger            ||     9
         Unarmed           ||     5
 Armour: Robe              ||     4
  Dodge: Dodged            ||    18

Table legend: (Time is in decaauts)
 A = Elapsed time spent in this place.
 B = Non-inter-level travel time spent in this place.
 C = Inter-level travel time spent in this place.
 D = Time resting spent in this place.
 E = Time spent auto-exploring this place.
 F = Levels seen in this place.
 G = Mean time per level.
                   A        B        C        D        E       F      G
               +--------+--------+--------+--------+--------+-----+--------+
         Total |    103 |     50 |     53 |      0 |      0 |   2 |   51.5 |
       Dungeon |    103 |     50 |     53 |      0 |      0 |   2 |   51.5 |
               +--------+--------+--------+--------+--------+-----+--------+

Top non-repeatable levels by time:
     D:2: 97 daAuts
     D:1: 6 daAuts
